 Dungeon Crawl Stone Soup version 0.29.1-debian-1-gc3f1650bb9 (webtiles) character file.

Game seed: 15436759913373169642

1267 ytrimaz the Fighter (level 8, -5/69 HPs)
             Began as a Demonspawn Gladiator on Sept 12, 2022.
             Was a Believer of Okawaru.
             Slain by an ogre
             ... wielding a +0 giant club
              (17 damage)
             ... on level 6 of the Dungeon.
             The game lasted 00:07:41 (8730 turns).

ytrimaz the Fighter (Demonspawn Gladiator)          Turns: 8730, Time: 00:07:41

Health: -5/69      AC: 13    Str: 17    XL:     8   Next: 27%
Magic:  8/8        EV: 11    Int: 10    God:    Okawaru [**....]
Gold:   371        SH:  0    Dex: 14    Spells: 7/7 levels left

rFire   . . .      SeeInvis .   a - +2 war axe
rCold   . . .      Faith    .   (no shield)
rNeg    . . .      Spirit   .   j - +0 ring mail
rPois   .          Reflect  .   c - +0 helmet
rElec   .          Harm     .   (no cloak)
rCorr   .          Rampage  .   (no gloves)
Will    .....                   f - +0 pair of boots
Stlth   +.........              (no amulet)
HPRegen 0.21/turn               (no ring)
MPRegen 0.11/turn               (no ring)

@: sanguine armoured
A: claws 2, sanguine armour 1
a: Renounce Religion, Heroism


You were on level 6 of the Dungeon.
You worshipped Okawaru.
Okawaru was pleased with you.
You visited 2 branches of the dungeon, and saw 7 of its levels.
You also visited: Sewer.

You collected 371 gold pieces.


Innate Abilities, Weirdness & Mutations

You have very sharp fingernails.
When seriously injured, your blood forms armour. (AC +6)


   Skills:
 + Level 8.5 Fighting
 - Level 3.2 Axes
 - Level 1.7 Throwing
 - Level 2.6 Dodging
 + Level 4.6 Unarmed Combat


You had 7 spell levels left.
You didn't know any spells.
Your spell library contained the following spells:

 Spells                   Type           Power      Damage    Failure   Level
 Slow                     Hex            0%         N/A       56%         1
 Confusing Touch          Hex            0%         N/A       91%         3
 Vampiric Draining        Necr           0%         2d6       91%         3
 Summon Forest            Summ/Tloc      Unusable   N/A       N/A         5
 Summon Mana Viper        Hex/Summ       Unusable   N/A       N/A         5
 Summon Cactus Giant      Summ           Unusable   N/A       N/A         6

Inventory:

Hand Weapons
 a - a +2 war axe (weapon)
Missiles
 d - a throwing net (quivered)
 e - 4 javelins
Armour
 c - a +0 helmet (worn)
 f - a +0 pair of boots (worn)
   (You found it on level 5 of the Dungeon)
 j - a +0 ring mail (worn)
   (You found it on level 3 of the Dungeon)
Jewellery
 n - an amulet of faith
   (You found it on level 6 of the Dungeon)
Scrolls
 h - 4 scrolls of enchant armour
 i - a scroll of enchant weapon
 k - 2 scrolls of teleportation
 l - 2 scrolls of poison
Potions
 b - a potion of magic
 g - 3 potions of curing
 m - a potion of flight
 o - a potion of haste
 p - 2 potions of attraction {unknown}

Dungeon Overview and Level Annotations

Branches:
Dungeon (6/15) Zot: 26428  Temple (1/1) D:6 Zot: 5785   Sewer (visited)

Altars:
Ashenzari
Cheibriados
Dithmenos
Fedhas
Gozag
Kikubaaqudgha
Nemelex Xobeh
Okawaru
Qazlal
Sif Muna
Trog
Uskayaw
Vehumet
Wu Jian
Xom
Yredelemnul

.#.# .#.# #.# #... ...#
#.. ...#
.##########.###..## #
............##.... .#
###.###.###....... .
#.###.###.##...#.#
#.##.).##.##.#O#.#
#.###.###.##..@..#
#.........####.###
##.##.###......#
###...#.########....#
.......................+
###...#"########....####
##.##.# #.#.## ####.#
#.### #####.# ...


You could see an ogre.


Message History

Done exploring.
Done exploring.
Done exploring.
Done exploring.
Done exploring.
Done exploring.
Done exploring.
Done exploring.
Done exploring.
Done exploring.
Done exploring.
Done exploring.
Done exploring.
There is a staircase back to the Dungeon here.
Unknown command.
You climb upwards.
Welcome back to the Dungeon!
There is a staircase to the Ecumenical Temple here.
You see here a +0 leather armour.
Key pressed, stopping explore.
Key pressed, stopping explore.
k - 2 scrolls of teleportation (gained 1)
Found a stone staircase leading down.
A black bear comes into view.
A black bear is nearby!
Unknown command.
The black bear growls angrily.
You completely miss the black bear. The black bear closely misses you.
The black bear completely misses you.
The black bear claws you but does no damage.
You hit the black bear.
The black bear bites you but does no damage.
The black bear claws you but does no damage. x2
The black bear bites you.
The black bear claws you but does no damage.
The black bear completely misses you. 😕 HP[-3]
You take 3 damage, and now have 66/69 hp.
You slash the black bear! The black bear misses you.
The black bear claws you but does no damage.
The black bear closely misses you. 😕 HP[+1]
You hit the black bear.
The black bear goes berserk!
You slash the black bear!
You kill the black bear!
Okawaru accepts your kill.
Unknown command.
You pick up a book of Debilitation and begin reading...
You add the spells Slow, Vampiric Draining and Confusing Touch to your library. 😎 HP[+2]
Your hp is fully restored (69).
Found a stone staircase leading down.
You open the door.
There is an open door here.
You open the door.
There is an open door here.
Key pressed, stopping explore.
You see here a +0 leather armour.
Found a stone staircase leading up.
Key pressed, stopping explore.
You open the door.
There is an open door here.
You now have 371 gold pieces (gained 15).
Key pressed, stopping explore.
You open the door.
There is an open door here.
A hound comes into view.
A hound is nearby!
A hound is nearby!
The hound bites you but does no damage. The hound barely misses you.
You slash the hound! The hound barely misses you. The hound closely misses you.
You slash the hound!
You kill the hound!
Okawaru accepts your kill.
No target in view!
Okay, then.
An ogre comes into view. It is wielding a +0 giant club.
An ogre is nearby!
An ogre is nearby!
An ogre is nearby!
The ogre barely misses you.
You slash the ogre! You closely miss the ogre.
The ogre hits you with a +0 giant club!!
Your blood congeals into armour. 😮 HP[-23]
You take 23 damage, and now have 46/69 hp.
MASSIVE DAMAGE!! (PAUSE)
You barely miss the ogre.
The ogre hits you with a +0 giant club!!
* * * LOW HITPOINT WARNING * * *
😨 HP[-23]
You take 23 damage, and now have 23/69 hp.
MASSIVE DAMAGE!! (PAUSE)
You closely miss the ogre. The ogre hits you with a +0 giant club!
* * * LOW HITPOINT WARNING * * *
😱 HP[-11]
You take 11 damage, and now have 12/69 hp.
You hit the ogre. The ogre hits you with a +0 giant club!
You die...

Skill      XL: |  1  2  3  4  5  6  7  8 |
---------------+-------------------------+-----
Axes           | 3 |  3.2
Fighting       | 3 4 6 7 8 |  8.5
Unarmed Combat | 1 3 4 |  4.6
Throwing       | |  1.7
Dodging        | |  2.6

Action                   |  1- 3 |  4- 6 |  7- 9 || total
-------------------------+-------+-------+-------++-------
Melee: War axe           |    94 |   220 |    80 ||   394
       Hand axe          |       |    13 |       ||    13
       Punch             |       |     1 |     3 ||     4
Throw: Throwing net      |       |       |     3 ||     3
  Use: Scroll            |     4 |     9 |     6 ||    19
       Potion            |       |     4 |     2 ||     6
 Stab: Sleeping          |     2 |       |       ||     2
       Held in net/web   |       |       |     2 ||     2
Armor: Leather armour    |    29 |       |       ||    29
       Ring mail         |       |   122 |    30 ||   152
Dodge: Dodged            |    69 |   185 |    38 ||   292

Levels and vault maps discovered:
D:1:      minmay_arrival_doors, layout_basic, serial_aquarium,
          aquarium_bridge_long_separate [aquarium_subvault_wall,
          aquarium_subvault_bridge, aquarium_subvault_wall,
          aquarium_subvault_bridge, aquarium_subvault_window,
          aquarium_subvault_bridge], aquarium_window_corridor_2,
          aquarium_window_1, aquarium_window_fake, aquarium_view_2c,
          aquarium_view_2d, aquarium_balcony_double_1, aquarium_pool_corner,
          shapermc_ecumenical_altar_acropolis, patterned_corridor
D:2:      layout_loops_ring
D:3:      layout_basic, okawaru_gym_becter, portal_sewer_entry_d, serial_curves,
          eino_curves_02, eino_curves_02, grunt_ministairs_7
D:4:      layout_basic, uniq_pikel
D:5:      layout_gridville, general_overflow_altar, mainiacjoe_overflow_paths,
          kennysheep_generic_room_15
D:6:      layout_loops_corners, minmay_temple_entry_stoned_glass,
          kennysheep_flooded_box, hex_tiny
Temple:   nicolae_temple_bog_church

Notes
Turn   | Place    | Note
-------+----------+-------------------------------------------
     0 | D:1      | ytrimaz the Demonspawn Gladiator began the quest for the
                  | Orb.
     0 | D:1      | Reached XP level 1. HP: 16/16 MP: 1/1
     0 | D:1      | magus.rc [v1.9.6]
   308 | D:1      | Found a faded altar of an unknown god.
   315 | D:1      | Reached skill level 3 in Axes
   348 | D:1      | Gained mutation: You have sharp fingernails. [demonic
                  | ancestry]
   348 | D:1      | Reached XP level 2. HP: 22/23 MP: 2/2
  1325 | D:2      | Reached skill level 3 in Fighting
  1325 | D:2      | Reached XP level 3. HP: 17/29 MP: 3/3
  1595 | D:2      | You pick up a book of the Wilderness and begin reading...
  1595 | D:2      | You add the spells Summon Forest, Summon Mana Viper and
                  | Summon Cactus Giant to your library.
  2400 | D:3      | Reached XP level 4. HP: 37/37 MP: 4/4
  2485 | D:3      | Found an iron altar of Okawaru.
  2528 | D:3      | Became a worshipper of Warmaster Okawaru
  2553 | D:3      | Reached skill level 4 in Fighting
  2575 | D:3      | HP: 8/37 [something/magic dart (4)]
  2760 | D:3      | Reached XP level 5. HP: 15/43 MP: 5/5
  2763 | D:3      | HP: 9/43 [poisoned by an adder]
  2810 | D:3      | Found a glowing drain.
  2819 | Sewer    | Entered a sewer
  3178 | Sewer    | HP: 10/43 [river rat (1)]
  3180 | Sewer    | Reached skill level 5 in Fighting
  4783 | D:4      | Reached * piety under Okawaru
  4784 | D:4      | Reached skill level 6 in Fighting
  4784 | D:4      | Gained mutation: You have very sharp fingernails. [demonic
                  | ancestry]
  4784 | D:4      | Reached XP level 6. HP: 48/52 MP: 6/6
  5102 | D:4      | HP: 13/53 [gnoll bouda/+0 club (5)]
  5340 | D:4      | HP: 11/53 [gnoll bouda/+0 club (3)]
  5572 | D:4      | Reached skill level 1 in Unarmed Combat
  5601 | D:4      | HP: 10/53 [gnoll/+0 halberd[a gnoll bouda] (8)]
  6160 | D:4      | Reached skill level 7 in Fighting
  6192 | D:4      | Gained mutation: When seriously injured, your blood forms
                  | armour. (AC +6) [demonic ancestry]
  6192 | D:4      | Reached XP level 7. HP: 50/60 MP: 7/7
  6637 | D:4      | Noticed Pikel
  6664 | D:4      | Killed Pikel
  6664 | D:4      | Reached ** piety under Okawaru
  6665 | D:4      | Reached skill level 8 in Fighting
  6665 | D:4      | Reached skill level 3 in Unarmed Combat
  6665 | D:4      | Reached XP level 8. HP: 22/68 MP: 8/8
  7126 | D:5      | Entered Level 5 of the Dungeon
  7156 | D:5      | Reached skill level 4 in Unarmed Combat
  7382 | D:5      | Found a stormy altar of Qazlal.
  7705 | D:5      | Found a shimmering altar of Xom.
  8128 | D:6      | Found a staircase to the Ecumenical Temple.
  8271 | Temple   | Entered the Ecumenical Temple
  8560 | D:6      | You pick up a book of Debilitation and begin reading...
  8560 | D:6      | You add the spells Slow, Vampiric Draining and Confusing
                  | Touch to your library.
  8729 | D:6      | HP: 12/69 [ogre/+0 giant club (11)]
  8730 | D:6      | Slain by an ogre

Vanquished Creatures
  Pikel (D:4)
  A black bear (D:6)
  A lemure (D:4)
  A necrophage (D:5)
  A scorpion (D:4)
  4 hounds
  A jelly (D:4)
  3 orc priests (D:4)
  A gnoll bouda (D:4)
  An iguana (D:5)
  2 orc wizards (D:3)
  10 adders
  5 gnolls (D:4)
  A river rat (Sewer)
  A white imp (D:5)
  A worm (D:5)
  3 dart slugs
  17 orcs
  2 bats
  4 endoplasms
  A giant cockroach (D:3)
  9 goblins
  7 hobgoblins
  5 kobolds
  4 quokkas
  12 ball pythons
  10 frilled lizards
  12 rats
121 creatures vanquished.

Vanquished Creatures (others)
  A fungus (D:1)
  A plant (D:1)
2 creatures vanquished.

Grand Total: 123 creatures vanquished

Table legend:
 A = Non-vault XP
 B = Vault XP
 C = Vault XP percentage of total XP
 D = Non-vault monster count
 E = Vault monster count
 F = Vault count percentage of total count
                 A         B        C        D         E       F
            +---------+---------+-------+---------+---------+-------
      Total |    1053 |     757 |  41.8 |     100 |      20 |  16.7
            +---------+---------+-------+---------+---------+-------
        D:1 |      34 |       0 |   0.0 |      21 |       0 |   0.0
        D:2 |      62 |       0 |   0.0 |      14 |       0 |   0.0
        D:3 |     170 |      17 |   9.1 |      25 |       3 |  10.7
        D:4 |     441 |     651 |  59.6 |      30 |       1 |   3.2
        D:5 |     156 |      37 |  19.2 |       6 |       1 |  14.3
        D:6 |     190 |       0 |   0.0 |       4 |       0 |   0.0
      Sewer |       0 |      52 | 100.0 |       0 |      15 | 100.0
            +---------+---------+-------+---------+---------+-------

Illustrated notes

Table legend:
 A = Kills in this place as a percentage of kills in entire the game.
 B = Kills by you in this place as a percentage of kills by you in the entire game.
 C = Kills by friends in this place as a percentage of kills by friends in the entire game.
 D = Other kills in this place as a percentage of other kills in the entire game.
 E = Experience gained in this place as a percentage of experience gained in the entire game.
 F = Experience gained in this place divided by the number of levels of this place that you have seen.
                   A       B       C       D       E      F
               +-------+-------+-------+-------+-------+----------------------
         Total | 100.0 | 100.0 |   N/A |   N/A | 100.0 | 226.2
       Dungeon |  87.5 |  87.5 |   N/A |   N/A |  97.1 | 293.0
         Sewer |  12.5 |  12.5 |   N/A |   N/A |   2.9 |  52.0
               +-------+-------+-------+-------+-------+----------------------

Table legend: (Time is in decaauts)
 A = Elapsed time spent in this place.
 B = Non-inter-level travel time spent in this place.
 C = Inter-level travel time spent in this place.
 D = Time resting spent in this place.
 E = Time spent auto-exploring this place.
 F = Levels seen in this place.
 G = Mean time per level.
                   A        B        C        D        E       F      G
               +--------+--------+--------+--------+--------+-----+--------+
         Total |   8928 |   8636 |    292 |    680 |   6694 |   8 | 1116.0 |
       Dungeon |   7678 |   7406 |    272 |    370 |   5962 |   6 | 1279.7 |
        Temple |    214 |    194 |     20 |      0 |    178 |   1 |  214.0 |
         Sewer |   1035 |   1035 |      0 |    310 |    552 |   1 | 1035.0 |
               +--------+--------+--------+--------+--------+-----+--------+

Top non-repeatable levels by time:
     D:4: 2405 daAuts
     D:3: 1424 daAuts
     D:1: 1215 daAuts
     D:2: 1212 daAuts
   Sewer: 1035 daAuts
     D:5: 850 daAuts
     D:6: 570 daAuts
  Temple: 214 daAuts
